[Event "Championnat du monde jeunes U12"]
[Date "2024.11.22"]
[White "Yang, Maxwell"]
[Black "Wang, Luis"]
[WhiteElo "1889"]
[BlackElo "1751"]
[Round "7.38"]
[Result "1-0"]
[TimeControl "5400+30"]

1. d4 Nf6 2. c4 g6 3. Nc3 Bg7 4. e4 d6 5. Nf3 Nbd7 6. Be2 O-O 7. O-O Re8 8. e5 dxe5 9. dxe5 Ng4 10. e6 fxe6 11. Ng5 Nxf2 12. Rxf2 Ne5 13. Be3 a6 14. Qc2 h6 15. Rd1 Bd7 16. Nxe6 Qc8 17. Nxg7 Kxg7 18. Bd4 Bf5 19. Bxe5+ Kh7 20. Bd3 Bxd3 21. Qxd3 Qe6 22. Rdf1 Rf8 23. Rxf8 Rxf8 24. Rxf8 Qxe5 25. Rf7+ Kh8 26. Qd8# 1-0

[Variant "Standard"]
[Site "Europe Echecs"]

[Event "Championnat du monde jeunes U12"]
[Date "2024.11.22"]
[White "Lee, Daniel Joshua"]
[Black "Huseynov, Ahmed"]
[WhiteElo "1765"]
[BlackElo "1886"]
[Round "7.39"]
[Result "0-1"]
[TimeControl "5400+30"]

1. e4 e6 2. d4 d5 3. Nd2 Be7 4. Bd3 c5 5. dxc5 Nc6 6. Ngf3 Nf6 7. O-O O-O 8. exd5 Qxd5 9. Nb3 Nd7 10. Ng5 h6 11. c4 Qe5 12. Re1 Qc7 13. Ne4 f5 14. Nd6 Nxc5 15. Nxc8 Qxc8 16. Nxc5 Bxc5 17. Be3 Bxe3 18. Rxe3 e5 19. Qh5 Qe8 20. Qh3 Nd4 21. Rg3 Kh8 22. Re1 e4 23. f3 exd3 24. Rxe8 d2 25. Re7 d1=Q+ 26. Kf2 Qd2+ 27. Kf1 Qc1+ 28. Kf2 Qxb2+ 29. Kf1 Qa1+ 30.
Kf2 Qxa2+ 31. Kf1 Qxc4+ 32. Kf2 Qc2+ 33.
Kf1 Qb1+ 34. Kf2 Qb6 35. Kf1 Ne6 36. Rg6 Qb5+ 37. Kg1 Qc5+ 38. Kf1 Qxe7 39. Rxh6+ gxh6 40. Qxh6+ Kg8 0-1

[Variant "Standard"]
[Site "Europe Echecs"]

[Event "Championnat du monde jeunes U12"]
[Date "2024.11.22"]
[White "Mikolavicius, Julius"]
[Black "Gazzato, Nicolo`"]
[WhiteElo "1746"]
[BlackElo "1868"]
[Round "7.40"]
[Result "1-0"]
[TimeControl "5400+30"]

1. e4 e6 2. d4 d5 3. Nd2 c5 4. exd5 Qxd5 5. Ngf3 cxd4 6. Bc4 Qd6 7. O-O Nf6 8. Nb3 Nc6 9. Nbxd4 Nxd4 10. Nxd4 Be7 11. Re1 O-O 12. c3 a6 13. Bb3 Qc7 14. Qf3 Bd6 15. h3 Rd8 16. Bg5 Be7 17. Rad1 h6 18. Bh4 Rb8 19. Qe2 Kh8 20. Nf5 Rxd1 21. Bxd1 exf5 22. Qxe7 Qxe7 23. Rxe7 Nd5 24. Re8+ Kh7 25. Bc2 g6 26. Bb3 Nf4 27. Bf6 g5 28. Bxf7 Ne2+ 29. Kf1 Be6 30. Rxb8 Bxf7 31. Kxe2 Kg6 32. Bd4 Bd5 33. b3 Bxg2 34. f3 Bxh3 35. Rxb7 g4 36. fxg4 Bxg4+ 37. Kf2 h5 38. Rb6+ 1-0

[Variant "Standard"]
[Site "Europe Echecs"]

[Event "Championnat du monde jeunes U12"]
[Date "2024.11.22"]
[White "Wang, William Kaiyuan"]
[Black "Ivarlac, Vladislav"]
[WhiteElo "1715"]
[BlackElo "1867"]
[Round "7.41"]
[Result "0-1"]
[TimeControl "5400+30"]

1. e4 e6 2. d4 d5 3. Nc3 Bb4 4. Ne2 Nf6 5. Bg5 h6 6. Bxf6 Qxf6 7. e5 Qe7 8. a3 Ba5 9. Qd2 Bd7 10. Ng3 g6 11. O-O-O c6 12. Kb1 b5 13. b4 Bc7 14. Na2 a5 15. c3 Bc8 16. Kb2 Nd7 17. h4 h5 18. f4 Bd8 19. Ra1 Nb6 20. Nc1 Nc4+ 21. Bxc4 bxc4 22. Nce2 Qb7 23. Kc2 Be7 24. Qc1 Bd7 25. Nf1 Kd8 26. g3 Kc7 27. Ne3 Ra6 28. Qb2 Rha8 29. Rhb1 Qa7 30. bxa5 Rxa5 31. a4 Rxa4 32. Rxa4 Qxa4+ 33. Kd2 Qa2 34. Nc2 Qxb2 35. Rxb2 c5 36. Ke3 cxd4+ 37. Ncxd4
Bc5 38. Kd2 Ra1 39. Kc2 Ba4+ 40. Kd2 Kc8 41. Ke3 Ba3 42. Rb6 Bd7 43. Kd2 Kc7 44. Nc2 Ra2 45. Rb1 Ba4 46. Nd4 Bc5 47. Rc1 Bxd4 48. cxd4 Kc6 49. Kc3 Rxc2+ 50. Rxc2 Bxc2 51. Kxc2 Kb5 52. Kc3 Ka4 0-1

[Variant "Standard"]
[Site "Europe Echecs"]

[Event "Championnat du monde jeunes U12"]
[Date "2024.11.22"]
[White "Park, Onyoo"]
[Black "Xia, Jinnan"]
[WhiteElo "1710"]
[BlackElo "1850"]
[Round "7.42"]
[Result "0-1"]
[TimeControl "5400+30"]

1. d4 Nf6 2. c4 e6 3. Nf3 d5 4. Nc3 Nbd7 5. Bf4 dxc4 6. e3 Nd5 7. Bxc4 Nxf4 8. exf4 Bd6 9. Ne5 O-O 10. O-O Nf6 11. Qf3 c6 12. Bd3 Be7 13. Rfd1 Qb6 14. Nc4 Qc7 15. Rac1 Rd8 16. Bb1 Bd7 17. Ne5 Rac8 18. Ne4 Be8 19. f5 Nxe4 20. Bxe4 exf5 21. Bxf5 Ra8 22. Qb3 Bf6 23. Nf3 g6 24. Bh3 Qb6 25. Qxb6 axb6 26. a3 Ra4 27. Kf1 h5 28. Ke2 g5 29. g4 Bd7 30. Rg1 Be6 0-1

[Variant "Standard"]
[Site "Europe Echecs"]

[Event "Championnat du monde jeunes U12"]
[Date "2024.11.22"]
[White "Anagnostopoulos, Panagiotis"]
[Black "Miransh Vyas"]
[WhiteElo "1848"]
[BlackElo "1705"]
[Round "7.43"]
[Result "0-1"]
[TimeControl "5400+30"]

1. Nf3 d5 2. g3 Nf6 3. Bg2 e6 4. c4 Be7 5. O-O O-O 6. b3 b6 7. cxd5 exd5 8. Bb2 Bb7 9. e3 Nbd7 10. d4 Bd6 11. Nc3 a6 12. Ne2 Qe7 13. Rc1 Ne4 14. Nf4 a5 15. a4 Rfb8 16. Qc2 Ndf6 17. Nd3 Ba6 18. Bh3 c5 19. Rfd1 Bxd3 20. Qxd3 h5 21. Ne5 Bxe5 22. dxe5 Ng4 23. Bxg4 hxg4 24. Qxd5 Ng5 25. Qc4 Nf3+ 26. Kg2 Qg5 27. h4 Qf5 28. Qf4 Qe6 29. Bc3 Rd8 30. Rd6 Rxd6 31. exd6 Rd8 32. Rd1 Qxb3 33. Qxg4 Qxc3 34. Qxf3 Qb3 35. Qg4 Qe6 36. Qf4 Qb3 37. Rd2 c4 38. d7 c3 39. Rd3 Qe6 40. Rd6 Qe7 41. Rc6 Qxd7 42. Rxc3 Qd5+ 43. Kh2 Rd6 44. Rc7 Rf6 45. e4 Qd4 46. Qe3 Rxf2+ 47. Qxf2 Qxf2+ 48. Kh3 Qd4 49. Rc8+ Kh7 50. Rb8 Qxe4 51. Rxb6 Qxa4 52. h5 Qb4 53. Ra6 Qb5 0-1

[Variant "Standard"]
[Site "Europe Echecs"]

[Event "Championnat du monde jeunes U12"]
[Date "2024.11.22"]
[White "Kraucenka, Justas"]
[Black "Berdashkevich, Makar"]
[WhiteElo "1650"]
[BlackElo "1848"]
[Round "7.44"]
[Result "0-1"]
[TimeControl "5400+30"]

1. d4 Nf6 2. Nf3 e6 3. Bf4 c5 4. e3 Nc6 5. Nbd2 d5 6. c3 Nh5 7. Bg5 Qb6 8. Rb1 h6 9. Bh4 g5 10. Bg3 Nxg3 11. hxg3 Bg7 12. Bd3 Bd7 13. Qe2 O-O-O 14. O-O f5 15. b4 c4 16. Bc2 Qc7 17. b5 Ne7 18. Rfe1 Qd6 19. Rb4 Bf6 20. Kf1 h5 21. Reb1 h4 22. gxh4 g4 23. Ng1 Rxh4 24. g3 Rh1 25. Re1 Bg5 26. Qd1 Rh2 27. a4 Rdh8 28. Qc1 Rxf2+ 29. Kxf2 Rh2+ 30. Kf1 Qxg3 31. Re2 Bxe3 32. Rxh2 Qxg1+ 33. Ke2 Qxc1 34.
Kxe3 Qg1+ 35. Rf2 g3 36. Kf4 gxf2 37. Rb1 Ng6+ 38. Kf3 Nh4+ 39. Ke2 Be8 40. Rf1 Bh5+ 41. Ke3 Ng2# 0-1

[Variant "Standard"]
[Site "Europe Echecs"]

[Event "Championnat du monde jeunes U12"]
[Date "2024.11.22"]
[White "Farzaleev, Daniyar"]
[Black "Petrovski, Nikola"]
[WhiteElo "1622"]
[BlackElo "1829"]
[Round "7.45"]
[Result "1/2-1/2"]
[TimeControl "5400+30"]

1. e4 e5 2. Nf3 Nc6 3. Bb5 g6 4. O-O Bg7 5. c3 Nge7 6. d4 a6 7. Ba4 b5 8. Bc2 d6 9. h3 O-O 10. Be3 Bb7 11. dxe5 Nxe5 12. Nxe5 dxe5 13. Qxd8 Raxd8 14. Nd2 Nc8 15. Nb3 Nd6 16. Nc5 Ra8 17. Nxb7 Nxb7 18. Bb3 Nd6 19. f3 Nc4 20. Bxc4 bxc4 21. Rad1 Rfd8 22. Kf2 h5 23. Ke2 Bf8 24. Rxd8 Rxd8 25. Rd1 Rb8 26. Bc1 Bd6 27. Rd5 Rb5 28. Rxb5 axb5 29. b3 cxb3 30. axb3 f6 31. Kd3 Kf7 32. Be3 Ke6 33. c4 c6 1/2-1/2

[Variant "Standard"]
[Site "Europe Echecs"]

[Event "Championnat du monde jeunes U12"]
[Date "2024.11.22"]
[White "Nicot, Valentin"]
[Black "Leht, Karl Samuel"]
[WhiteElo "2078"]
[BlackElo "1701"]
[Round "7.47"]
[Result "1-0"]
[TimeControl "5400+30"]

1. e4 e5 2. Nf3 Nc6 3. d4 exd4 4. Nxd4 Qf6 5. Nxc6 Bc5 6. Qf3 dxc6 7. Nc3 Be6 8. Qxf6 Nxf6 9. f3 O-O-O 10. Bd3 Rhe8 11. Bg5 h6 12. Bh4 g5 13. Bf2 Bxf2+ 14. Kxf2 Nd7 15. Rad1 Nc5 16. h4 Nxd3+ 17. Rxd3 f5 18. hxg5 hxg5 19. Rhd1 Rxd3 20. Rxd3 fxe4 21. Nxe4 Bf5 22.
Re3 Bxe4 23. Rxe4 Rd8 24. Ke2 Rd5 25. g3 Kd7 26. Ke3 c5 27. Ke2 Rf5 28. c4 Kd6 29. Ke3 b6 30. Re8 Rf7 31. Ke4 Rg7 32. Kf5 Rf7+ 33. Kg4 Rg7 34. Re3 c6 35. Kf5 g4 36. f4 b5 37. b3 bxc4 38. bxc4 Kc7 39. Kf6 Rg8 40. Kf7 Rd8 41. f5 1-0

[Variant "Standard"]
[Site "Europe Echecs"]

[Event "Championnat du monde jeunes U12"]
[Date "2024.11.22"]
[White "Su, Jayden Chenxuan"]
[Black "El Zein, Bassam"]
[WhiteElo "1700"]
[BlackElo "1947"]
[Round "7.48"]
[Result "0-1"]
[TimeControl "5400+30"]

1. d4 d5 2. c4 Nc6 3. cxd5 Qxd5 4. e3 e5 5. Nc3 Bb4 6. a3 Bxc3+ 7. bxc3 Nf6 8. Ne2 Be6 9. Ng3 Qd6 10. Be2 exd4 11. cxd4 O-O-O 12. Bd2 h5 13.
Nxh5 Nxh5 14. Bxh5 g6 15. Bf3 Rxh2 16. Rxh2 Qxh2 17. Qe2 Rh8 18. g3 Re8 19. Bc3 Nd8 20. Kd2 Qh6 21. Rh1 Qg5 22. Rc1 Re7 23. Bb4 Rd7 24. Rc5 Qh6 25. Ke1 c6 26. Qc2 Kb8 27. d5 Bxd5 28. Bxd5 Rxd5 29. Rxd5 Qh1+ 30. Ke2 Qxd5 31. Qb2 c5 32. Bc3 Ne6 33. Qb5 a6 34. Qb2 b5 35. Kf1 Ng5 36. Be5+ Kb7 37. Bf4 Ne4 38. Ke2 c4 39. Be5 Qd3+ 40. Ke1 Ng5 41. Qe2 Qb1+ 42. Qd1 Nf3+ 43. Ke2 Qxd1+ 44. Kxd1 Nxe5 45. Kc2 a5 46. Kb2 Nd3+ 47. Kc2 Nxf2 48. Kc3 Ne4+ 49. Kc2 Nxg3 50. a4 b4 51. Kb2 Nf5 52. e4 c3+ 53. Kc2 Nd4+ 54. Kb1 b3 55. Kc1 Ne2+ 56. Kb1 Kc6 0-1

[Variant "Standard"]
[Site "Europe Echecs"]

[Event "Championnat du monde jeunes U12"]
[Date "2024.11.22"]
[White "Isakov, Amin"]
[Black "Dos Santos, Leonardo Lopes"]
[WhiteElo "1698"]
[BlackElo "1930"]
[Round "7.49"]
[Result "1-0"]
[TimeControl "5400+30"]

1. c4 c6 2. d4 d5 3. Nf3 Nf6 4. Nc3 e6 5. Bg5 Be7 6. e3 Nbd7 7. Bd3 O-O 8. O-O dxc4 9. Bxc4 c5 10. Qe2 cxd4 11. Nxd4 Nb6 12. Rfd1 Qc7 13. Bb3 Bd7 14. Rac1 Rac8 15. e4 h6 16. Nd5 Qd8 17. Rxc8 Nxc8 18. Nxf6+ Bxf6 19. Nxe6 fxe6 20. Bxe6+ Kh8 21. Rxd7 Qe8 22. Bxf6 Rxf6 23. Bg4 Kh7 24. Qd3 Qe5 25. Bf5+ 1-0

[Variant "Standard"]
[Site "Europe Echecs"]

[Event "Championnat du monde jeunes U12"]
[Date "2024.11.22"]
[White "Fadeev, Justin Michael"]
[Black "Boiko, Nazar"]
[WhiteElo "1878"]
[BlackElo "1614"]
[Round "7.50"]
[Result "1-0"]
[TimeControl "5400+30"]

1. e4 e6 2. d4 d5 3. Nd2 Nc6 4. Ngf3 Nf6 5. e5 Nd7 6. Bd3 Nb4 7. Be2 c5 8. c3 Nc6 9. O-O Be7 10. Re1 O-O 11. Nf1 cxd4 12. cxd4 f6 13. exf6 Bxf6 14. Be3 Re8 15. Qd2 e5 16. dxe5 Ndxe5 17. Rad1 Be6 18. Ng5 Nc4 19. Bxc4 dxc4 20. Qc2 Qc8 21. Qxh7+ Kf8 22. Bc5+ 1-0

[Variant "Standard"]
[Site "Europe Echecs"]

[Event "Championnat du monde jeunes U12"]
[Date "2024.11.22"]
[White "Konstantinides, Savvas"]
[Black "Mamarasulov, Husan"]
[WhiteElo "1839"]
[BlackElo "1407"]
[Round "7.51"]
[Result "1-0"]
[TimeControl "5400+30"]

1. e4 c5 2. Nf3 Nc6 3. d4 cxd4 4. Nxd4 e5 5. Nb5 d6 6. N1c3 a6 7. Na3 Be6 8. Nc4 Rb8 9. Be3 b5 10. Nb6 Rxb6 11. Bxb6 Qxb6 12. a4 b4 13. a5 Qd4 14. Ra4 Qxd1+ 15. Nxd1 Nd4 16. Ne3 b3 17. c3 Bd7 18. Rb4 Nc6 19. Rb6 Nxa5 20. Rb8+ Ke7 21. Nd5+ Ke6 22. Rxf8 f5 23. f3 Bb5 24. Bxb5 axb5 25. O-O Nc4 26. Ra1 Nxb2 27. Ra7 fxe4 28. fxe4 Nc4 29. Re8+ Ne7 30. Raxe7# 1-0

[Variant "Standard"]
[Site "Europe Echecs"]

[Event "Championnat du monde jeunes U12"]
[Date "2024.11.22"]
[White "Mintz, Nathan"]
[Black "Liu, Richard Jingjie"]
[WhiteElo "1633"]
[BlackElo "1795"]
[Round "7.52"]
[Result "0-1"]
[TimeControl "5400+30"]

1. c4 e5 2. Nc3 Bc5 3. d3 d6 4. g3 Nc6 5. Bg2 a6 6. e4 Nge7 7. Nge2 h5 8. h3 h4 9. g4 Ng6 10. O-O Ba7 11. Kh2 Nd4 12. Be3 Be6 13. Bxd4 exd4 14. Nd5 c6 15. Ndf4 Nxf4 16. Nxf4 Bb8 17. Kh1 b5 18. Nxe6 fxe6 19. f4 Ra7 20. Qb3 Re7 21. e5 O-O 22. cxb5 cxb5 23. exd6 Qxd6 24.
Rac1 Rxf4 25. Rc8+ Kh7 26. Rxf4 Qxf4 27. Be4+ g6 28. Rxb8 Qxb8 29. Qa3 Qf8 30. Qc5 Qf6 31. g5 Qf1+ 32. Kh2 Qf4+ 33. Kh1 Rc7 34. Qxc7+ Qxc7 35. b3 Qc1+ 36. Kg2 Qxg5+ 37. Kh2 Qg3+ 38. Kh1 Qxh3+ 39. Kg1 Qe3+ 40. Kh1 h3 41. a4 Qf2 42. axb5 h2 43. bxa6 Qg1# 0-1

[Variant "Standard"]
[Site "Europe Echecs"]

[Event "Championnat du monde jeunes U12"]
[Date "2024.11.22"]
[White "Krasniqi, Troi"]
[Black "Nguyen Le Nguyen"]
[WhiteElo "1610"]
[BlackElo "1782"]
[Round "7.53"]
[Result "0-1"]
[TimeControl "5400+30"]

1. e4 c5 2. Nf3 d6 3. d4 cxd4 4. Nxd4 Nf6 5. Nc3 a6 6. Bd3 e5 7. Nb3 Be6 8. Bg5 Nbd7 9. Qd2 Be7 10. f3 b5 11. a3 Nc5 12. Nxc5 dxc5 13. O-O O-O 14. Rad1 Qb6 15. Qf2 Rfd8 16. f4 Ng4 17. Qf3 c4+ 18. Kh1 Bxg5 19. f5 Ne3 20. fxe6 Qxe6 21. Be2 Rxd1 22. Rxd1 Nxd1 23. Bxd1 Qf6 24. Qe2 Qf4 25. Nd5 Qd2 26. Qf1 f5 27. h3 fxe4 28. Nc3 Rf8 29. Qg1 Be3 30. Nxe4 Qd4 31. Qe1 Qxe4 32. Bf3 Rxf3 33. gxf3 Qxf3+ 34. Kh2 e4 35. b3 Bf2 36. Qf1 Bg3+ 37. Kg1 Bh2+ 0-1

[Variant "Standard"]
[Site "Europe Echecs"]

[Event "Championnat du monde jeunes U12"]
[Date "2024.11.22"]
[White "Macia Tell, Dario"]
[Black "Vaidyanathan, Adithya"]
[WhiteElo "1520"]
[BlackElo "2018"]
[Round "7.54"]
[Result "0-1"]
[TimeControl "5400+30"]

1. d4 Nf6 2. c4 c5 3. d5 b5 4. cxb5 a6 5. bxa6 Bxa6 6. g3 g6 7. Nc3 Bg7 8. Bg2 d6 9. e4 O-O 10. Nge2 Nbd7 11. O-O Ne5 12. Rb1 Qb6 13. b3 Bd3 14. Rb2 Qa6 15. f4 Neg4 16. h3 Nh6 17. Rd2 Bxe2 18. Qxe2 Nh5 19. Qxa6 Rxa6 20. Rd3 f5 21. exf5 Nxf5 22. Ne4 Rxa2 23. Kh2 Rb8 24. Re1 Nd4 25. Nd2 Kf7 26. Rde3 Nf5 27. Rd3 Nhxg3 28. Rxg3 Nxg3 29. Kxg3 Bc3 30.
Ne4 Bxe1+ 0-1

[Variant "Standard"]
[Site "Europe Echecs"]

[Event "Championnat du monde jeunes U12"]
[Date "2024.11.22"]
[White "Huang, Hao-Xuan"]
[Black "Sason, Noam"]
[WhiteElo "1516"]
[BlackElo "2017"]
[Round "7.55"]
[Result "0-1"]
[TimeControl "5400+30"]

1. e4 c5 2. c3 d5 3. exd5 Qxd5 4. d4 Nf6 5. Nf3 e6 6. Be2 Be7 7. O-O O-O 8. Re1 Nc6 9. Be3 cxd4 10. cxd4 Rd8 11. Nc3 Qa5 12. Rc1 Bd7 13. Qb3 Qb4 14. Qc2 Rac8 15. a3 Qa5 16. Bd3 h6 17. Qb1 Nd5 18. Bd2 Nxc3 19. Bxc3 Qb6 20. Bc4 Be8 21. Ba2 Bf6 22. Rcd1 Ne7 23. Ne5 Nd5 24. Bd2 Ba4 25. b3 Be8 26. Nc4 Qa6 27. Qd3 Ne7 28. Bc3 Nf5 29. Re4 b5 30. Ne5 Qxa3 31. Bb1 Qxb3 32. Ba5 Qxd3 33. Bxd3 Rxd4 34. Rxd4 Nxd4 35. Ng4 Bg5 36. Ne3 Nb3 37. Bd2 Nxd2 38. Rxd2 b4 39. g3 Kf8 40. f4 Bf6 41. Kf2 b3 42. Nc4 Bb5 43. Nd6 Bxd3 44. Nxc8 b2 45. Rxb2 Bxb2 46. Ke1 Bc3+ 47. Kd1 a5 48. Nb6 Bd4 49. Na4 Bb5 50. Nb2 Bxb2 51. Kc2 Bd4 52. Kb3 a4+ 53. Ka3 Bc5+ 54. Ka2 Bc4+ 55. Kb2 a3+ 56. Ka1 a2 57. Kb2 Bd4+ 58. Kc2 a1=Q 59. Kd2 Qb2+ 60. Kd1 Be3 61. h4 Qe2# 0-1

[Variant "Standard"]
[Site "Europe Echecs"]

[Event "Championnat du monde jeunes U12"]
[Date "2024.11.22"]
[White "Vorobyov, Radmir"]
[Black "Lenoks, Martin Jr."]
[WhiteElo "2017"]
[BlackElo "1514"]
[Round "7.56"]
[Result "1-0"]
[TimeControl "5400+30"]

1. d4 c6 2. Nf3 d5 3. g3 Bf5 4. Bg2 e6 5. O-O h6 6. c4 Nd7 7. Nc3 dxc4 8. e4 Bh7 9. Qe2 Nb6 10. Be3 Bb4 11. Ne5 Bxc3 12. bxc3 Nf6 13. f3 O-O 14. Nxc4 Nxc4 15. Qxc4 Qe7 16. Rad1 Rfd8 17. Rfe1 Rd7 18. Bf2 Rad8 19. Qb3 b5 20. a4 a6 21. h3 Rb7 22. f4 a5 23. d5 Qc7 24. dxe6 Rxd1 25. Rxd1 bxa4 26. exf7+ Qxf7 27. Rd8+ Ne8 28. Rxe8# 1-0

[Variant "Standard"]
[Site "Europe Echecs"]

[Event "Championnat du monde jeunes U12"]
[Date "2024.11.22"]
[White "Sharku, Uvejs"]
[Black "Yin, Milo"]
[WhiteElo "1516"]
[BlackElo "1925"]
[Round "7.57"]
[Result "1-0"]
[TimeControl "5400+30"]

1. d4 d5 2. Bf4 Nf6 3. e3 Bf5 4. Nf3 e6 5. Bd3 Bg6 6. c3 Bd6 7. Bg3 c5 8. Ne5 Nc6 9. f4 Bxd3 10. Qxd3 Ne4 11. Nd2 Nxd2 12. Qxd2 f6 13. Nf3 c4 14. h4 b5 15. O-O h5 16. Rfe1 f5 17. Ng5 Qf6 18. Rab1 b4 19. Red1 O-O 20. Qe2 g6 21. Be1 Rab8 22. Qc2 Rb6 23. cxb4 Bxb4 24. b3 Bxe1 25. Rxe1 Nb4 26. Qd2 Nd3 27. Red1 Rfb8 28. Qc2 Nb4 29. Qe2 c3 30. Rdc1 Ra6 31. Rxc3 Nxa2 32. Rc8+ Rxc8 33. Qxa6 Rc2 34. Qxa7 Nc3 35. Ra1 Qg7 36. Qb8+ Qf8 37. Qb7 Ne2+ 38. Kh2 Qe8 39. Ra8 Rc8 40. Rxc8 1-0

[Variant "Standard"]
[Site "Europe Echecs"]

[Event "Championnat du monde jeunes U12"]
[Date "2024.11.22"]
[White "Andreiev, Andrii"]
[Black "Sobirov, Feruzbek"]
[WhiteElo "1704"]
[BlackElo "1487"]
[Round "7.58"]
[Result "1-0"]
[TimeControl "5400+30"]

1. e4 e6 2. d4 d5 3. Nc3 Nf6 4. e5 Nfd7 5. Nf3 a6 6. Bd3 c5 7. dxc5 Bxc5 8. O-O Nc6 9. Re1 Qb6 10. Be3 d4 11. Na4 Qa5 12. Nxc5 Qxc5 13. Nxd4 Nxd4 14. c3 Qxe5 15. Bxd4 Qg5 16. Re4 Nf6 17. Re3 Qd5 18. Re5 Qd8 19. Rg5 O-O 20. Qf3 Ne8 21. Qh5 h6 22. Qxh6 f6 23. Rg3 Rf7 24. Qh7+ Kf8 25. Qh8+ Ke7 26. Bg6 b6 27. Qg8 Rf8 28. Qh7 e5 29. Bxe8 Rxe8 30. Rxg7+ Ke6 31. Qh3+ Kd6 32. Qg3 Bd7 33. Rd1 Kc6 34. Qf3+ e4 35. Qf4 Re6 36. Be3 Ra7 37. Qf5 Qe8 38. Qd5+ Kc7 39. Rxd7+ Kb8 40. Rd8+ Kc7 41. Rxe8 Rxe8 42. Qd7+ Kb8 43. Qxe8+ 1-0

[Variant "Standard"]
[Site "Europe Echecs"]

[Event "Championnat du monde jeunes U12"]
[Date "2024.11.22"]
[White "Mohd Firdaus, Firast Haiqal"]
[Black "Teo, Hong Kai Javier"]
[WhiteElo "1514"]
[BlackElo "1675"]
[Round "7.59"]
[Result "0-1"]
[TimeControl "5400+30"]

1. Nf3 Nf6 2. g3 d5 3. d4 Bf5 4. Bg2 e6 5. Bf4 Be7 6. O-O h6 7. c4 c6 8. Qb3 Qb6 9. Qxb6 axb6 10. cxd5 cxd5 11. Nc3 Nc6 12. a3 Kd7 13. Ne5+ Nxe5 14. Bxe5 Rhc8 15. Rac1 Rc6 16. e4 dxe4 17. d5 exd5 18. Bxf6 Bxf6 19. Nxd5 Bd4 20. Rcd1 Ra4 21. b3 Rd6 22. Nxb6+ Bxb6 23. Rxd6+ Kxd6 24. bxa4 Bc5 25.
Rb1 b6 26. Rb3 Be6 27. Rb1 f5 28. Bf1 Bd5 29. Bh3 Ke5 30. Bg2 Bc6 31. a5 bxa5 32. Rc1 Kd5 33. Rd1+ Ke5 34. Rc1 Kd6 35. Bh3 g6 36. Ra1 a4 37. Kf1 Bb5+ 38. Ke1 Bc4 39. Bf1 Bb3 40. Bb5 g5 41. Ke2 Ke5 42. f3 e3 43. Bd3 f4 44. g4 Bd6 45. Bb1 Kd4 46. Ba2 Kc3 47. Rc1+ Kb2 48. Bxb3 axb3 49. Rc6 Bxa3 50. Rxh6 Ka2 51. h4 b2 52. Rb6 b1=Q 53. Rxb1 Kxb1 54. hxg5 Bb2 55.
Kd3 Kc1 56. Ke2 Kc2 57. g6 Bg7 58. g5 Kc3 59. Ke1 Kd3 0-1

[Variant "Standard"]
[Site "Europe Echecs"]

[Event "Championnat du monde jeunes U12"]
[Date "2024.11.22"]
[White "Kim, Minwoo"]
[Black "To, Nam Long"]
[WhiteElo "1501"]
[BlackElo "1608"]
[Round "7.61"]
[Result "1/2-1/2"]
[TimeControl "5400+30"]

1. e4 d6 2. d4 Nf6 3. Nc3 e5 4. Nf3 Nbd7 5. Be3 Be7 6. h3 c6 7. g4 h6 8. Bd3 Nh7 9.
Qe2 Ng5 10. O-O-O Nxf3 11. Qxf3 Bg5 12.
Kb1 Qf6 13. Qxf6 Bxf6 14. d5 a6 15. Bc4 c5 16. h4 Nb6 17. Be2 Be7 18. f4 Nd7 19. g5 h5 20. f5 b5 21. a3 Bb7 22. Bf3 O-O-O 23. Ne2 Rdf8 24. Ng3 g6 25. f6 Bd8 26. Rd3 c4 27. Rc3 Ba5 28. b4 Bb6 29. Ne2 Kb8 30. Bg2 Bc8 31. Bh3 Bxe3 32. Rxe3 Nb6 33. Nc3 Bxh3 34. Rexh3 Kb7 35. Kb2 Na4+ 36. Nxa4 bxa4 37. Kc3 Rc8 38. Rb1 Kb6 39. Rhh1 Kb5 40. Rb2 Rb8 41. Rhb1 Rhc8 42. Ra2 Rc7 43. Rab2 Rbb7 44.
Ra2 Rb6 45. Rab2 Rb8 46. Ra2 Rbb7 47.
Rab2 Ra7 48. Ra2 1/2-1/2

[Variant "Standard"]
[Site "Europe Echecs"]

[Event "Championnat du monde jeunes U12"]
[Date "2024.11.22"]
[White "Italiani, Luca"]
[Black "Son, Juwon"]
[WhiteElo "1634"]
[BlackElo "1448"]
[Round "7.65"]
[Result "1/2-1/2"]
[TimeControl "5400+30"]

1. e4 c5 2. Nf3 Nc6 3. d4 cxd4 4. Nxd4 Nf6 5. Nc3 e5 6. Nb3 Bb4 7. Bd3 O-O 8. O-O h6 9. a3 Bxc3 10. bxc3 Qe7 11. Qe2 Rd8 12. Bc4 d6 13. h3 Be6 14. Rd1 Rac8 15. Bxe6 Qxe6 16. Bb2 Ne7 17. f3 d5 18. Qe3 d4 19. cxd4 Rxc2 20. dxe5 Rxd1+ 21. Rxd1 Rxb2 22. exf6 Rxb3 23. Qxb3 Qxb3 24. Rd8+ Kh7 25.
fxe7 Qe3+ 1/2-1/2

[Variant "Standard"]
[Site "Europe Echecs"]

[Event "Championnat du monde jeunes U12"]
[Date "2024.11.23"]
[White "Smirnov, Mark"]
[Black "Radzimski, Antoni"]
[WhiteElo "2300"]
[BlackElo "2188"]
[Round "8.1"]
[Result "1-0"]
[TimeControl "5400+30"]

1. e4 e5 2. Nf3 Nc6 3. Bb5 a6 4. Ba4 Nf6 5. O-O b5 6. Bb3 Bc5 7. a4 Rb8 8. c3 d6 9. d4 Bb6 10. a5 Ba7 11. Be3 O-O 12. dxe5 dxe5 13. Qxd8 Rxd8 14. Bxa7 Nxa7 15. Nxe5 Be6 16. Bxe6 fxe6 17. f3 c5 18. Na3 Rd2 19. Rf2 Rbd8 20. Re1 R8d6 21. Nc2 Nd7 22. Rxd2 Rxd2 23. Nxd7 Rxd7 24. b4 Rd3 25.
bxc5 Rxc3 26. Nb4 Rxc5 27. Nxa6 Rc4 28.
Rd1 Nc6 29. Nc7 Nxa5 30. Rd7 Rc6 31.
Nxb5 Rc1+ 32. Kf2 Rc2+ 33. Kg3 Nc4 34.
Re7 e5 35. Rc7 Ne3 36. Rxc2 Nxc2 37.
Nd6 Nd4 38. Kg4 g6 39. f4 exf4 40. Kxf4 Nc6 41. e5 Kf8 42. Ke4 Ke7 43. Nb5 Nb8 44. Nd4 Nd7 45. h3 Nb6 46. Kf4 Nc4 47. Nf3 h6 48. Ke4 Ke6 49. Nd4+ Ke7 50. Ne2 Nd2+ 51. Kd5 Nf1 52. Nf4 g5 53. Ng6+ Kf7 54. e6+ Kxg6 55. Kc6 Kf6 56. Kd7 Ne3 57. e7 1-0

[Variant "Standard"]
[Site "Europe Echecs"]

[Event "Championnat du monde jeunes U12"]
[Date "2024.11.23"]
[White "Liu, Patrick"]
[Black "Sahbudak, Baris Cinar"]
[WhiteElo "2192"]
[BlackElo "2264"]
[Round "8.3"]
[Result "1-0"]
[TimeControl "5400+30"]

1. e4 c5 2. Nf3 d6 3. d4 cxd4 4. Nxd4 Nf6 5. Nc3 a6 6. f3 e5 7. Nb3 Be6 8. Be3 h5 9. Qd2 Nbd7 10. Nd5 Bxd5 11. exd5 g6 12. O-O-O Bg7 13. Kb1 O-O 14. h3 Qc7 15. Rc1 a5 16. c4 a4 17. Na1 Nc5 18. Be2 a3 19. b3 e4 20. f4 Nfd7 21. g4 h4 22. Rhe1 Rfe8 23. Bf1 Bb2 24. Rcd1 Qd8 25. Nc2 Bg7 26. Bd4 Nb6 27. Bxg7 Kxg7 28. Nd4 Ra6 29. Re3 Qf6 30. Qf2 Kf8 31. g5 Qh8 32. Qe1 Raa8 33. Qc3 Qg7 34. Nb5 Qxc3 35. Nxc3 Re7 36. Rde1 Rae8 37. Nb5 Nd3 38. Nxd6 Nxe1 39. Nxe8 Nf3 40. Nf6 Nd2+ 41. Kc2 Nxf1 42. Re1 Ng3 43. c5 Rc7 44. b4 Na4 45. Re3 Rc8 46. Rxa3 Nb6 47. Rc3 Na8 48. d6 Ne2 49. Rc4 Nxf4 50. Rxe4 Ne6 51. Rxh4 Rd8 52. Rh8+ Kg7 53. Rh7+ Kf8 54. h4 Nd4+ 55. Kc3 Ne6 56. b5 b6 57. c6 1-0

[Variant "Standard"]
[Site "Europe Echecs"]

[Event "Championnat du monde jeunes U12"]
[Date "2024.11.23"]
[White "Golis, Wiktor"]
[Black "Obidjonov, Oriyat"]
[WhiteElo "2343"]
[BlackElo "2074"]
[Round "8.4"]
[Result "1-0"]
[TimeControl "5400+30"]

1. e4 c5 2. Nf3 e6 3. d4 cxd4 4. Nxd4 Nc6 5. Nc3 Qc7 6. a3 Nf6 7. Be3 Be7 8. f4 d6 9. Qf3 a6 10. O-O-O O-O 11. Nxc6 bxc6 12. g4 d5 13. g5 dxe4 14. Nxe4 Nd5 15. Bd3 Rd8 16. Rhg1 Rb8 17. c4 Nxe3 18. Qxe3 Qb7 19. b4 a5 20. Nf6+ Kf8 21. Nxh7+ Ke8 22. Nf6+ gxf6 23. gxf6 Bd6 24. Rg8+ Kd7 25. Rxd8+ Kxd8 26. Be4 Bd7 27. Rxd6 Kc8 28. Qc5 axb4 29. Bxc6 Bxc6 30. Rxc6+ Kd7 31. Rd6+ Ke8 32. Qh5 Qh1+ 33. Rd1 1-0

[Variant "Standard"]
[Site "Europe Echecs"]